 Dungeon Crawl Stone Soup version bcrawl-1.19.2-6-g6a88ae04c9 (webtiles) character file.

Game seed: 10205829526670279184

35 Mrkan the Skirmisher (level 3, -2/33 HPs)
             Began as a Minotaur Fighter on Jan 6, 2020.
             Was an Initiate of Nemelex Xobeh.
             Killed from afar by an orc wizard (8 damage)
             ... with a puff of frost
             ... on level 2 of the Dungeon.
             The game lasted 00:01:04 (479 turns).

Mrkan the Skirmisher (Minotaur Fighter)              Turns: 479, Time: 00:01:05

Health: -2/33      AC:  7    Str: 20    XL:     3   Next: 17%
Magic:  2/2        EV:  7    Int:  5    God:    Nemelex Xobeh [......]
Gold:   51         SH:  9    Dex: 10    Spells: 2/2 levels left

rFire    . . .     SeeInvis .   a - +0 war axe
rCold    . . .     Gourm    .   c - +0 shield
rNeg     . . .     Faith    .   b - +0 scale mail
rPois    .         Spirit   .   (helmet restricted)
rElec    .         Reflect  .   (no cloak)
rCorr    .         Harm     .   (no gloves)
MR       .....                  (no boots)
Stlth    ..........             (no amulet)
HPRegen  0.11/turn              (no ring)
MPRegen  0.08/turn              (no ring)

@: no status effects
A: retaliatory headbutt, horns 2
a: Draw Escape, Draw Destruction, Draw Summoning, Renounce Religion


You were on level 2 of the Dungeon.
You worshipped Nemelex Xobeh.
Nemelex Xobeh was noncommittal.
You were not hungry.

You visited 1 branch of the dungeon, and saw 2 of its levels.

You collected 51 gold pieces.

Inventory:

Hand Weapons
 a - a +0 war axe (weapon)
Armour
 b - a +0 scale mail (worn)
 c - a +0 shield (worn)
Scrolls
 e - 2 scrolls of teleportation {unknown}
 h - a scroll of fear {unknown}
 j - a scroll of identify {unknown}
 k - a scroll of immolation {unknown}
 l - a scroll of remove curse {unknown}
Potions
 d - a potion of might
 i - a potion of brilliance {unknown}
Comestibles
 f - 2 rations {!d}
 g - a chunk of flesh


   Skills:
 + Level 4.0 Fighting
 * Level 3.3 Axes
 + Level 4.0 Armour
 + Level 4.0 Shields
 + Level 0.2 Invocations


You had 2 spell levels left.
You didn't know any spells.
Your spell library was empty.

Dungeon Overview and Level Annotations

Branches:
Dungeon (2/12)

Altars:
Nemelex Xobeh


Innate Abilities, Weirdness & Mutations

You reflexively headbutt those who attack you in melee.
You have a pair of horns on your head.


Message History

A puff of frost appears from out of thin air!
The puff of frost hits you!
The leopard gecko bites you but does no damage.
You miss the leopard gecko. You hit something.
Something hits you but does no damage.
The leopard gecko bites you but does no damage.
You hear some strange, mumbled words.
A puff of flame appears from out of thin air!
The puff of flame hits you! You block the leopard gecko's attack.
You hear some strange, mumbled words.
A puff of frost appears from out of thin air!
The puff of frost hits you!
* * * LOW HITPOINT WARNING * * *
You barely miss the leopard gecko. Your headbutt misses the leopard gecko.
You closely miss something. You block the leopard gecko's attack.
You hear some strange, mumbled words.
A puff of frost appears from out of thin air!
The puff of frost hits you!
You die...
Your body disappears without a glow.

##.#.##..#
.#.#.##..#
#.......
#..#.##..#
#.......
##....#..#
#.....l.
#........#
#....!..
.#....##.# #.....
...#.###.# #o.. ##
#.###.#######l##.#
#<...........@{..#
##################


You could see an orc and a leopard gecko.

Vanquished Creatures
  An ooze (D:2)
  2 dart slugs
  A leopard gecko (D:1)
  2 orcs (D:2)
  4 bats (D:1)
  A giant cockroach (D:1)
  2 goblins (D:1)
  2 hobgoblins (D:1)
  4 kobolds (D:1)
  2 frilled lizards (D:1)
  2 rats (D:1)
23 creatures vanquished.

Notes
Turn   | Place    | Note
-------+----------+-------------------------------------------
     0 | D:1      | Mrkan the Minotaur Fighter began the quest for the Orb.
     0 | D:1      | Reached XP level 1. HP: 19/19 MP: 0/0
   161 | D:1      | Reached XP level 2. HP: 27/27 MP: 1/1
   276 | D:1      | Found a sparkling altar of Nemelex Xobeh.
   285 | D:1      | Became a worshipper of Nemelex Xobeh the Trickster
   454 | D:2      | Received a gift from Nemelex Xobeh
   475 | D:2      | Reached XP level 3. HP: 31/33 MP: 2/2
   479 | D:2      | Killed from afar by an orc wizard

Skill      XL: |  1  2  3 |
---------------+----------+-----
Axes           | 3 |  3.3
Fighting       | 4 |  4.0
Shields        | 4 |  4.0
Armour         | 4 |  4.0
Invocations    | |  0.2

Action                   || total
-------------------------++-------
Melee: War axe           ||    50
       Headbutt          ||     7
Armor: Scale mail        ||    28
Dodge: Dodged            ||    16
Block: Shield            ||    37
